 Dungeon Crawl Stone Soup version 0.29.1-15-g9cfb28693d (webtiles) character file.

Game seed: 1081047624717879343

114 Sanktem7 the Trooper (level 4, -3/41 HPs)
             Began as a Minotaur Fighter on Mar 13, 2023.
             Killed by nerve-wracking pain
             ... invoked by an orc priest
              (10 damage)
             ... on level 3 of the Dungeon.
             The game lasted 00:03:24 (2253 turns).

Sanktem7 the Trooper (Minotaur Fighter)             Turns: 2253, Time: 00:03:25

Health: -3/41      AC:  9    Str: 23    XL:     4   Next: 66%
Magic:  3/3        EV:  7    Int:  5    God:
Gold:   103        SH:  4    Dex:  9    Spells: 3/3 levels left

rFire   . . .      SeeInvis .   a - +0 war axe {axe}
rCold   . . .      Faith    .   c - +0 buckler
rNeg    . . .      Spirit   .   k - +0 chain mail
rPois   .          Reflect  .   (helmet restricted)
rElec   .          Harm     .   (no cloak)
rCorr   .          Rampage  .   (no gloves)
Will    .....                   (no boots)
Stlth   ..........              (no amulet)
HPRegen 0.13/turn               (no ring)
MPRegen 0.08/turn               (no ring)

@: no status effects
A: horns 2, retaliatory headbutt
a: no special abilities


You were on level 3 of the Dungeon.
You visited 1 branch of the dungeon, and saw 3 of its levels.

You collected 103 gold pieces.


Innate Abilities, Weirdness & Mutations

You have a pair of horns on your head.
You reflexively headbutt those who attack you in melee.


   Skills:
 + Level 4.4 Fighting
 * Level 4.1 Axes
 + Level 4.3 Armour
 + Level 4.3 Shields


You had 3 spell levels left.
You didn't know any spells.
Your spell library contained the following spells:

 Spells                   Type           Power      Damage    Failure   Level
 Blink                    Tloc           0%         N/A       100%        2
 Lesser Beckoning         Tloc           0%         N/A       100%        3
 Manifold Assault         Tloc           0%         N/A       100%        5

Inventory:

Hand Weapons
 a - a +0 war axe (weapon) {axe}
 h - a +0 dagger of venom {short}
   (You took it off a kobold on level 1 of the Dungeon)
 r - a +3 longbow {bow}
   (You found it on level 3 of the Dungeon)
Missiles
 f - 10 poisoned darts (quivered) {throwing}
 g - 20 stones {throwing}
 n - 4 boomerangs {throwing}
 p - 3 javelins {throwing}
Armour
 c - a +0 buckler (worn)
 k - a +0 chain mail (worn)
   (You found it on level 1 of the Dungeon)
 m - a +0 pair of gloves
   (You found it on level 2 of the Dungeon)
Scrolls
 b - 2 scrolls of identify {unknown}
 j - 2 scrolls of poison {unknown}
 l - a scroll of silence {unknown}
 o - a scroll of enchant weapon {unknown}
 s - a scroll of immolation {unknown}
Potions
 d - a potion of might
 e - a potion of haste {unknown}
 i - 2 potions of berserk rage {unknown}
 q - a potion of lignification {unknown}

Dungeon Overview and Level Annotations

Branches:
Dungeon (3/15) Zot: 15700

Altars:
Ru

# ##.# .#.#
...# ...
####g# #).@o#
#)#### #.#
#.#######
#####.......#
#...'.......#
#.###.......#
#.###.......#
#.†.#.......#


You could see an orc priest and a goblin.


Message History

The goblin hits you with a +0 club. The goblin hits you but does no damage.
An orc comes into view. It is wielding a +0 flail. 😕 HP[-1]
You take 1 damage, and now have 34/41 hp.
You closely miss the goblin. You headbutt the goblin.
You kill the goblin!
Robin roars a battlecry!
The goblins go into a battle-frenzy!
The orc moves out of view.
You slash the goblin!
You kill the goblin!
The orc priest invokes the aid of Beogh against you.
Beogh smites you! Robin throws the goblin at you!
A goblin comes into view. It is wielding a +0 dagger. 😮 HP[-12]
You take 12 damage, and now have 22/41 hp.
MASSIVE DAMAGE!! (PAUSE)
You slash the goblin!
You kill the goblin!
Robin throws the goblin at you! The goblin hits you but does no damage.
The goblin hits you with a +0 dagger.
* * * LOW HITPOINT WARNING * * *
A goblin comes into view. It is wielding a +0 club.
Robin throws the goblin at you! 😨 HP[-2]
You take 2 damage, and now have 20/41 hp.
You closely miss the goblin. You slash the goblin!
You kill the goblin!
The goblin hits you with a +0 club.
* * * LOW HITPOINT WARNING * * *
😨 HP[-1]
You take 1 damage, and now have 19/41 hp.
You hit the goblin.
You kill the goblin!
You hit Robin. Robin hits you with a +0 club.
* * * LOW HITPOINT WARNING * * *
😨 HP[-2]
You take 2 damage, and now have 17/41 hp.
You closely miss Robin. You headbutt Robin, but do no damage.
Robin hits you but does no damage.
A goblin comes into view. It is wielding a +0 dagger.
Robin closely misses you.
The goblin moves out of view. 😨 HP[+1]
You hit Robin. Robin completely misses you.
You hit Robin. Robin throws the goblin at you!
The goblin hits you but does no damage.
You hit Robin but do no damage. You barely miss the goblin.
Robin hits you but does no damage.
The orc priest casts a cantrip, but nothing happens.
A hobgoblin comes into view.
The goblin barely misses you. You furiously retaliate!
You headbutt the goblin!
You kill the goblin!
Robin drinks a potion.
Robin is healed!
The hobgoblin moves out of view.
You hit Robin.
A goblin comes into view. It is wielding a +0 club.
Robin hits you but does no damage.
You hit Robin. Robin hits you but does no damage.
You barely miss Robin. You headbutt Robin. You block Robin's attack.
Robin hits you but does no damage. 😨 HP[+1]
You hit Robin but do no damage. Robin hits you with a +0 club.
* * * LOW HITPOINT WARNING * * *
😨 HP[-1]
You take 1 damage, and now have 18/41 hp.
You slash Robin!
You kill Robin!
The hobgoblin no longer looks unusually strong.
You barely miss the hobgoblin.
The hobgoblin hits you but does no damage.
You block the hobgoblin's attack.
You slash the hobgoblin!
You kill the hobgoblin!
You hit the orc priest.
The orc priest barely misses you. 😨 HP[+1]
You hit the orc priest.
The orc priest invokes the aid of Beogh against you.
Pain shoots through your body!
* * * LOW HITPOINT WARNING * * *
😱 HP[-9]
You take 9 damage, and now have 10/41 hp.
MASSIVE DAMAGE!! (PAUSE)
You barely miss the orc. Your headbutt misses the orc.
The orc hits you but does no damage.
You slash the orc!
You kill the orc!
A goblin comes into view. It is wielding a +0 dagger.
The orc priest begins to cast a cantrip, but forgets the words!
The orc priest hits you with a +0 mace.
* * * LOW HITPOINT WARNING * * *
The goblin hits you but does no damage.
Items here: )))) [[[ †††. 😱 HP[-3]
You take 3 damage, and now have 7/41 hp.
You barely miss the orc priest. You headbutt the orc priest!
You hit the goblin.
You kill the goblin!
The orc priest calls down the wrath of Beogh upon you.
Pain shoots through your body!
You die...

Skill      XL: |  1  2  3  4 |
---------------+-------------+-----
Axes           | 3 4 |  4.1
Fighting       | 4 |  4.4
Armour         | 4 |  4.3
Shields        | 4 |  4.3

Action                   |  1- 3 |  4- 6 || total
-------------------------+-------+-------++-------
Melee: War axe           |    69 |    51 ||   120
       Headbutt          |     9 |    10 ||    19
Armor: Scale mail        |    29 |       ||    29
       Chain mail        |    19 |    24 ||    43
Dodge: Dodged            |    39 |     9 ||    48
Block: Buckler           |    23 |     4 ||    27

Levels and vault maps discovered:
D:1:      saegor_arrival_under_anarchy, layout_loops_corners,
          hellmonk_ecumenical_altar_heavens_door, minmay_crystal_water
D:2:      layout_loops_corners
D:3:      layout_basic, nicolae_ru_awakened_eye, uniq_robin

Notes
Turn   | Place    | Note
-------+----------+-------------------------------------------
     0 | D:1      | Sanktem7 the Minotaur Fighter began the quest for the Orb.
     0 | D:1      | Reached XP level 1. HP: 19/19 MP: 0/0
     0 | D:1      | magus.rc [v1.9.6]
    85 | D:1      | You pick up a book of Spatial Translocations and begin
                  | reading...
    85 | D:1      | You add the spells Blink, Lesser Beckoning and Manifold
                  | Assault to your library.
   329 | D:1      | Reached XP level 2. HP: 27/27 MP: 1/1
   402 | D:1      | Found a faded altar of an unknown god.
   490 | D:1      | Reached skill level 3 in Axes
   574 | D:1      | Reached skill level 4 in Fighting
   574 | D:1      | Reached skill level 4 in Armour
   574 | D:1      | Reached XP level 3. HP: 29/33 MP: 2/2
   677 | D:1      | Reached skill level 4 in Shields
  1492 | D:2      | Reached XP level 4. HP: 38/40 MP: 3/3
  1968 | D:3      | Found a sacrificial altar of Ru.
  2192 | D:3      | Reached skill level 4 in Axes
  2228 | D:3      | Noticed Robin
  2245 | D:3      | Killed Robin
  2249 | D:3      | HP: 10/41 [orc priest/nerve-wracking pain (9)]
  2253 | D:3      | Killed from afar by an orc priest

Vanquished Creatures
  Robin (D:3)
  A gnoll (D:1)
  3 adders
  A dart slug (D:1)
  2 orcs (D:3)
  5 bats (D:1)
  6 endoplasms
  3 giant cockroaches
  13 goblins
  5 hobgoblins
  A quokka (D:2)
  6 ball pythons
  3 frilled lizards
  7 kobolds
  4 rats
61 creatures vanquished.

Table legend:
 A = Non-vault XP
 B = Vault XP
 C = Vault XP percentage of total XP
 D = Non-vault monster count
 E = Vault monster count
 F = Vault count percentage of total count
                 A         B        C        D         E       F
            +---------+---------+-------+---------+---------+-------
      Total |     134 |      31 |  18.8 |      51 |      10 |  16.4
            +---------+---------+-------+---------+---------+-------
        D:1 |      56 |       0 |   0.0 |      26 |       0 |   0.0
        D:2 |      45 |       0 |   0.0 |      14 |       0 |   0.0
        D:3 |      33 |      31 |  48.4 |      11 |      10 |  47.6
            +---------+---------+-------+---------+---------+-------

Illustrated notes

Table legend:
 A = Kills in this place as a percentage of kills in entire the game.
 B = Kills by you in this place as a percentage of kills by you in the entire game.
 C = Kills by friends in this place as a percentage of kills by friends in the entire game.
 D = Other kills in this place as a percentage of other kills in the entire game.
 E = Experience gained in this place as a percentage of experience gained in the entire game.
 F = Experience gained in this place divided by the number of levels of this place that you have seen.
                   A       B       C       D       E      F
               +-------+-------+-------+-------+-------+----------------------
         Total | 100.0 | 100.0 |   N/A |   N/A | 100.0 |  55.0
       Dungeon | 100.0 | 100.0 |   N/A |   N/A | 100.0 |  55.0
               +-------+-------+-------+-------+-------+----------------------

Table legend: (Time is in decaauts)
 A = Elapsed time spent in this place.
 B = Non-inter-level travel time spent in this place.
 C = Inter-level travel time spent in this place.
 D = Time resting spent in this place.
 E = Time spent auto-exploring this place.
 F = Levels seen in this place.
 G = Mean time per level.
                   A        B        C        D        E       F      G
               +--------+--------+--------+--------+--------+-----+--------+
         Total |   2298 |   2165 |    133 |      0 |   1839 |   3 |  766.0 |
       Dungeon |   2298 |   2165 |    133 |      0 |   1839 |   3 |  766.0 |
               +--------+--------+--------+--------+--------+-----+--------+

Top non-repeatable levels by time:
     D:1: 964 daAuts
     D:2: 895 daAuts
     D:3: 438 daAuts
